 Dungeon Crawl Stone Soup version 0.28.0-45-g0d030f2227 (webtiles) character file.

Game seed: 4724766265735400261

116 Descartes the Ruffian (level 4, -10/44 HPs)
             Began as a Troll Delver on Apr 13, 2022.
             Mangled by a gnoll
             ... wielding a +0 halberd
              (15 damage)
             ... on level 5 of the Dungeon.
             The game lasted 00:00:47 (314 turns).

Descartes the Ruffian (Troll Delver)                 Turns: 314, Time: 00:00:48

Health: -10/44     AC:  4    Str: 20    XL:     4   Next: 69%
Magic:  3/3        EV:  9    Int:  8    God:
Gold:   46         SH:  0    Dex: 11    Spells: 3/3 levels left

rFire   . . .      SeeInvis .     - Unarmed
rCold   . . .      Faith    .   (no shield)
rNeg    . . .      Spirit   .   a - +0 robe
rPois   .          Reflect  .   (helmet restricted)
rElec   .          Harm     .   (no cloak)
rCorr   .          Rampage  .   (gloves unavailable)
Will    .....                   (boots unavailable)
Stlth   ++........              (no amulet)
HPRegen 0.94/turn               (no ring)
MPRegen 0.08/turn               (no ring)

@: no status effects
A: large, unfitting armour, claws 3, regeneration 1, shaggy fur 1, tough skin 1
a: no special abilities


You were on level 5 of the Dungeon.
You visited 1 branch of the dungeon, and saw 1 of its levels.

You collected 46 gold pieces.

Inventory:

Missiles
 i - 3 datura-tipped darts (quivered)
 j - 18 stones
Armour
 a - a +0 robe (worn)
Wands
 f - a wand of digging (3)
Scrolls
 b - a scroll of fog
 c - 2 scrolls of magic mapping
 d - a scroll of fear
 g - a scroll of teleportation {unknown}
 h - a scroll of vulnerability {unknown}
Potions
 e - 2 potions of haste


   Skills:
 - Level 2.4 Fighting
 - Level 1.5 Dodging
 - Level 2.7 Stealth
 + Level 5.0 Unarmed Combat


You had 3 spell levels left.
You didn't know any spells.
Your spell library contained the following spells:

 Spells                   Type           Power      Damage    Failure   Level
 Summon Small Mammal      Summ           0%         N/A       41%         1
 Call Canine Familiar     Summ           0%         N/A       78%         3
 Summon Guardian Golem    Hex/Summ       0%         N/A       78%         3


Dungeon Overview and Level Annotations

Branches:
Dungeon (5/15)
 Temple: D:4-7

Altars:


Innate Abilities, Weirdness & Mutations

You are too large for most types of armour.
You have claws for hands.
Your natural rate of healing is unusually fast.
You are covered in fur. (AC +1)
You have tough skin. (AC +1)


Message History

A gnoll comes into view. It is wielding a +0 spear.
A gnoll comes into view. It is wielding a +0 whip.
The gnoll hits you with a +0 club.
The gnoll shouts!
You scratch the gnoll.
The gnoll is lightly wounded.
The gnoll closely misses you. The gnoll barely misses you.
You barely miss the gnoll.
The gnoll is lightly wounded.
The gnoll barely misses you.
The gnoll shaman calls upon its god to heal the gnoll.
The gnoll's wounds heal themselves!
The gnoll hits you with a +0 club. The gnoll closely misses you.
You barely miss the gnoll shaman. The gnoll barely misses you.
The gnoll shaman hits you with a +0 club.
The gnoll hits you with a +0 club. The gnoll misses you.
You barely miss the gnoll shaman. Your claw misses the gnoll shaman.
The gnoll hits you from afar with a +0 spear.
The gnoll shaman calls upon its god to speed up the gnoll.
The gnoll seems to speed up.
The gnoll barely misses you. The gnoll hits you with a +0 halberd.
You closely miss the gnoll shaman. The gnoll barely misses you.
The gnoll hits you from afar with a +0 spear.
The gnoll shaman hits you with a +0 club.
The gnoll hits you but does no damage.
You completely miss the gnoll shaman. The gnoll hits you with a +0 halberd.
The gnoll hits you from afar with a +0 spear!
The gnoll shaman hits you with a +0 club!
* * * LOW HITPOINT WARNING * * *
A jelly comes into view.
The gnoll hits you with a +0 halberd.
* * * LOW HITPOINT WARNING * * *
You are too injured to fight recklessly!
The gnoll closely misses you.
The gnoll hits you from afar with a +0 spear.
* * * LOW HITPOINT WARNING * * *
The gnoll barely misses you. The gnoll closely misses you.
The gnoll hits you from afar with a +0 halberd!
You die...

.......J... ..........
#..#.$....# ####
...........#
...###########..g...#
...##... ...##..g.gg# ..
...##.#####..#####g###....
.......................#
....##..........@#.#####
...##..............#
....#######.......##
..................##
.#############.....# .#
............#.# .######
########.#.# ........ .
#.#.# ....#### ###.#.


You could see 3 gnolls.

Vanquished Creatures
  A bullfrog zombie (D:5)
  A hound (D:5)
  An iguana (D:5)
  A howler monkey zombie (D:5)
  2 adders (D:5)
  An adder skeleton (D:5)
7 creatures vanquished.

Notes
Turn   | Place    | Note
-------+----------+-------------------------------------------
     0 | D:5      | Descartes the Troll Delver began the quest for the Orb.
     0 | D:5      | Reached XP level 1. HP: 22/22 MP: 0/0
    12 | D:5      | Noticed an iguana
    19 | D:5      | Reached XP level 2. HP: 26/29 MP: 1/1
    31 | D:5      | Reached skill level 3 in Unarmed Combat
    31 | D:5      | Reached XP level 3. HP: 9/36 MP: 2/2
   103 | D:5      | Reached skill level 4 in Unarmed Combat
   132 | D:5      | Reached XP level 4. HP: 44/44 MP: 3/3
   171 | D:5      | Reached skill level 5 in Unarmed Combat
   314 | D:5      | Mangled by a gnoll

Illustrated notes

Levels and vault maps discovered:
D:5:      layout_rooms, serial_co_window_serial, co_window_paths_a,
          co_window_corner_a, co_window_paths_a, co_window_corner_a,
          co_window_paths_a, co_window_paths_c, co_window_paths_c,
          co_window_broadway_c, co_window_unsneaky_path_a, co_window_corner_b,
          glass_columns_b, glass_columns_b

Skill      XL: |  1  2  3  4 |
---------------+-------------+-----
Unarmed Combat | 3 4 5 |  5.0
Fighting       | |  2.4
Dodging        | |  1.5
Stealth        | |  2.7

Action                   |  1- 3 |  4- 6 || total
-------------------------+-------+-------++-------
Melee: Unarmed           |    31 |    28 ||    59
       Punch             |       |     1 ||     1
Armor: Robe              |     4 |     7 ||    11
Dodge: Dodged            |    14 |    21 ||    35
